 Dungeon Crawl Stone Soup version 0.18.1-50-g88ac8fd (console) character file.

956 CALLOUS the Skirmisher (level 7, -5/57 HPs)
             Began as a Demonspawn Abyssal Knight on Mar 21, 2019.
             Was a Believer of Lugonu.
             Slain by a wyvern zombie (15 damage)
             ... on level 6 of the Dungeon.
             The game lasted 01:32:15 (9962 turns).

CALLOUS the Skirmisher (Demonspawn Abyssal Knight)  Turns: 9962, Time: 01:32:15

Health: -5/57      AC:  3    Str: 15      XL:     7   Next: 91%
Magic:  3/11       EV: 17    Int: 13      God:    Lugonu [**....]
Gold:   169        SH:  0    Dex: 12 (17) Spells: 1 memorised, 5 levels left

rFire  . . .     SeeInvis .       - Unarmed
rCold  . . .     Gourm    .     b - +0 leather armour
rNeg   . . .     Faith    .     (no shield)
rPois  .         Spirit   .     (no helmet)
rElec  .         Dismiss  .     (no cloak)
rCorr  .         Reflect  .     (no gloves)
SustAt .         Harm     .     (no boots)
MR     .....                    (no amulet)
Stlth  ++........               (no ring)
                                (no ring)

@: agile, very slightly contaminated, not resistant to hostile enchantments,
unstealthy
A: claws 1, powered by pain 1
a: Depart the Abyss, Bend Space, Renounce Religion


You were on level 6 of the Dungeon.
You worshipped Lugonu.
Lugonu was pleased with you.
You were very hungry.

You visited 1 branch of the dungeon, and saw 6 of its levels.
You visited the Abyss 1 time.

You collected 169 gold pieces.

Inventory:

Hand Weapons
 a - a +1 falchion
 w - a +0 spear
 x - a +0 spear
 y - a +0 trident
 D - a +1 flail of crushing
 R - a +0 trident
Missiles
 d - 80 stones (quivered)
 e - 58 sling bullets
 M - 10 poisoned needles
 N - 15 arrows
Armour
 b - a +0 leather armour (worn)
Jewellery
 G - an uncursed ring of ice {unknown}
Wands
 H - a wand of acid (10/15)
 O - a wand of confusion (16/48)
Scrolls
 o - 5 scrolls of identify {unknown}
 q - 3 scrolls of teleportation {unknown}
 s - 2 scrolls of enchant weapon {unknown}
 t - a scroll of fog {unknown}
 u - 2 scrolls of remove curse {unknown}
 C - 2 scrolls of recharging {unknown}
Potions
 f - a potion of cure mutation {unknown}
 h - a potion of might {unknown}
 i - a potion of haste {unknown}
 j - a potion of magic {unknown}
 k - a potion of resistance {unknown}
 l - a potion of mutation {unknown}
 p - 2 potions of brilliance {unknown}
 r - a potion of beneficial mutation {unknown}
 z - a potion of agility {unknown}
 A - a potion of curing
 K - a potion of invisibility {unknown}
Books
 I - a book of Flames

   Spells                             Type                      Level
   a - Flame Tongue                   Conjuration/Fire             1
   b - Throw Flame                    Conjuration/Fire             2
   c - Conjure Flame                  Conjuration/Fire             3
   d - Inner Flame                    Hexes/Fire                   3
   e - Sticky Flame                   Conjuration/Fire             4
   f - Fireball                       Conjuration/Fire             5
 Q - a book of Transfigurations

   Spells                             Type                      Level
   a - Irradiate                      Conjuration/Transmutation    5
   b - Statue Form                    Transmutation/Earth          6
   c - Hydra Form                     Transmutation                6
   d - Dragon Form                    Transmutation                7
Comestibles
 c - 4 bread rations
 g - a beef jerky
 F - a meat ration
 J - a slice of pizza


   Skills:
 * Level 5.6 Fighting
 - Level 1.7 Long Blades
 + Level 2.6 Armour
 + Level 3.4 Dodging
 + Level 0.4 Stealth
 + Level 3.1 Unarmed Combat
 + Level 1.6 Conjurations
 * Level 5.4 Invocations
 * Level 2.0 Evocations


You had 5 spell levels left.
You knew the following spells:

 Your Spells              Type           Power        Failure   Level  Hunger
a - Flame Tongue          Conj/Fire      #....        30%         1    ##.....


Dungeon Overview and Level Annotations

Branches:
Dungeon (6/15)
 Temple: D:4-7

Altars:
Cheibriados
Elyvilon
Pakellas
Ru
Sif Muna
The Shining One

Shops:
D:5 %

Annotations:
D:1 1 exclusion
D:2 1 exclusion
D:3 1 exclusion
D:4 7opDhand, exclusion: orc priest
D:5 7waD, exclusion: worker ant


Innate Abilities, Weirdness & Mutations

You have sharp fingernails.
You sometimes gain a little power by taking damage.


Message History

The flame tongue hits the wyvern zombie.
The wyvern zombie bites you.
Casting: Flame Tongue
Confirm with . or Enter, or press ? or * to list all spells.
Aiming: Flame Tongue
Press: ? - help, Shift-Dir - straight line, f/p - wyvern zombie
Aim: a wyvern zombie The flame tongue hits the wyvern zombie.
The wyvern zombie bites you!
You focus on the pain.
You feel agile all of a sudden.
You claw the wyvern zombie!
The wyvern zombie completely misses you.
You scratch the wyvern zombie but do no damage.
The wyvern zombie bites you!
* * * LOW HITPOINT WARNING * * *
The wyvern zombie closely misses you.
Okay, then.
You scratch the wyvern zombie but do no damage.
The wyvern zombie bites you!
You die...

#.#.....# #......
#.#.###.# #.#####
#.....#.# #.#
###..#..###.#
#.###.....# #..#.#.####
# ###....# . ###.## #.
##.## ###.#### #...#
#.<...@# #...########
##....Z.# #.........#.
#...#.#.#####...#####.#.
.#....#.#...........#.#.
.......<................
.#......#...........#.#.
#((####.####....).....#.
##. ..# #....#.#####.
#### #......# ###.
######......###...
..####............##.#.


You could see a wyvern zombie.

Vanquished Creatures
  2 ogres (D:5)
  A centaur (D:5)
  A giant frog (D:6)
  A howler monkey (D:5)
  2 crimson imps
  A quasit (D:6)
  A jelly (D:5)
  A gnoll shaman (D:5)
  2 hounds (D:6)
  A worker ant (D:5)
  A hound zombie (D:6)
  A worker ant zombie (D:5)
  13 adders
  3 gnolls (D:2)
  An ooze (D:1)
  3 worms
  2 dart slugs
  4 giant geckos
  5 orcs
  10 bats
  5 giant cockroaches
  6 hobgoblins (D:1)
  8 jackals
  10 kobolds
  3 quokkas
  4 ball pythons
  5 giant newts
  5 goblins
  A goblin skeleton (D:6)
  A goblin zombie (D:6)
  A hobgoblin zombie (D:6)
  2 kobold zombies (D:6)
  2 orc skeletons (D:6)
  An orc zombie (D:6)
  A quokka skeleton (D:6)
  7 rats
118 creatures vanquished.

Vanquished Creatures (others)
  A centaur (D:6)
  An orc priest (D:6)
  3 worker ants
5 creatures vanquished.

Grand Total: 123 creatures vanquished

Notes
Turn   | Place    | Note
--------------------------------------------------------------
     0 | Abyss:1  | CALLOUS the Demonspawn Abyssal Knight began the quest for the Orb.
     0 | Abyss:1  | Reached XP level 1. HP: 18/18 MP: 2/2
     9 | D:1      | Escaped the Abyss
   307 | D:1      | Reached skill level 1 in Dodging
   447 | D:1      | Gained mutation: You have sharp fingernails. [demonic ancestry]
   447 | D:1      | Reached XP level 2. HP: 24/24 MP: 3/3
   929 | D:1      | Reached ** piety under Lugonu
  1144 | D:2      | Reached XP level 3. HP: 30/30 MP: 5/5
  1373 | D:2      | Found an oddly glowing altar of Pakellas.
  2322 | D:2      | Reached XP level 4. HP: 37/37 MP: 6/6
  2487 | D:2      | Reached skill level 1 in Unarmed Combat
  3475 | D:2      | Found a faded altar to an unknown god.
  4115 | D:3      | Reached XP level 5. HP: 26/42 MP: 7/7
  5201 | D:3      | Reached *** piety under Lugonu
  5738 | D:4      | Found a deep blue altar of Sif Muna.
  6443 | D:4      | Gained mutation: You sometimes gain a little power by taking damage. [demonic ancestry]
  6443 | D:4      | Reached XP level 6. HP: 45/49 MP: 9/9
  6515 | D:5      | Entered Level 5 of the Dungeon
  6739 | D:5      | Reached skill level 5 in Fighting
  6825 | D:5      | Learned a level 1 spell: Flame Tongue
  6859 | D:5      | Found a snail-covered altar of Cheibriados.
  7347 | D:5      | Reached skill level 5 in Invocations
  7347 | D:5      | Reached XP level 7. HP: 31/56 MP: 6/10
  7760 | D:5      | Reached skill level 1 in Evocations
  8132 | D:5      | Reached skill level 1 in Conjurations
  8272 | D:5      | Found a white marble altar of Elyvilon.
  8363 | D:5      | Found a sacrificial altar of Ru.
  8460 | D:5      | Found Niuphad's Food Shop.
  8788 | D:6      | Found a glowing golden altar of the Shining One.
  9962 | D:6      | Slain by a wyvern zombie

Skill      XL: |  1  2  3  4  5  6  7 |
---------------+----------------------+-----
Dodging        | 1 2 3 |  3.4
Fighting       | 4 5 |  5.6
Invocations    | 3 4 5 |  5.4
Unarmed Combat | 1 2 3 |  3.1
Armour         | 2 |  2.6
Evocations     | 2 |  2.0
Conjurations   | 1 |  1.6
Long Blades    | |  1.7
Stealth        | |  0.4

Action                   |  1- 3 |  4- 6 |  7- 9 || total
-------------------------+-------+-------+-------++-------
Melee: Falchion          |    14 |       |       ||    14
       Unarmed           |   147 |   318 |    60 ||   525
       Punch             |     1 |     5 |       ||     6
Throw: Stone             |   128 |   125 |    50 ||   303
       Tomahawk          |       |    22 |    18 ||    40
 Cast: Flame Tongue      |       |    14 |    57 ||    71
Invok: Bend Space        |       |     1 |       ||     1
       Banish            |       |     1 |     5 ||     6
  Use: Potion            |       |     1 |       ||     1
  Eat: Chunk             |     4 |    18 |     7 ||    29
       Meat ration       |       |       |     1 ||     1
Armor: Leather armour    |    44 |    43 |    29 ||   116
Dodge: Dodged            |    95 |   161 |    87 ||   343
